 Dungeon Crawl Stone Soup version 0.17-a0-2098-gf59d6bc (webtiles) character file.

70 Barrydekale the Shooter (level 4, 33/33 HPs)
             Began as a Demonspawn Hunter on Oct 17, 2015.
             Quit the game on level 2 of the Dungeon.
             The game lasted 00:24:52 (2335 turns).

Barrydekale the Shooter (Demonspawn Hunter)         Turns: 2335, Time: 00:24:52

Health: 33/33      AC:  3    Str: 13    XL:     4   Next: 3%
Magic:  4/4        EV: 11    Int: 13    God:
Gold:   47         SH:  0    Dex: 13    Spells: 0 memorised, 3 levels left

rFire  . . .     SeeInvis .     a - +1 shortbow
rCold  . . .     Clarity  .     d - +0 leather armour
rNeg   . . .     SustAt   .     (no shield)
rPois  .         Gourm    .     (no helmet)
rElec  .         Spirit   .     (no cloak)
rCorr  .         Warding  .     (no gloves)
rMut   .         Stasis   .     (no boots)
MR     .....                    (no amulet)
Stlth  ++........               (no ring)
                                (no ring)

@: not resistant to hostile enchantments, unstealthy
A: claws 1, nightstalker 1, spiny 1
a: no special abilities


You were on level 2 of the Dungeon.
You were not hungry.

You visited 1 branch of the dungeon, and saw 2 of its levels.

You collected 47 gold pieces.

Inventory:

Hand Weapons
 a - a +1 shortbow (weapon)
 b - a +0 short sword
Missiles
 c - 33 arrows (quivered)
Armour
 d - a +0 leather armour (worn)
Jewellery
 n - an uncursed amulet of the gourmand {unknown}
Scrolls
 h - a scroll of blinking {unknown}
 j - a scroll of teleportation {unknown}
 k - 2 scrolls of remove curse {unknown}
 m - 2 scrolls of identify {unknown}
 p - a scroll of enchant weapon {unknown}
Potions
 f - a potion of haste {unknown}
 g - a potion of might
 i - a potion of ambrosia
 l - a potion of curing {unknown}
 q - a potion of lignification {unknown}
Comestibles
 e - a bread ration
 o - a beef jerky


   Skills:
 - Level 2.0 Fighting
 - Level 5.1 Bows
 - Level 1.7 Dodging
 - Level 0.8 Stealth


You had 3 spell levels left.
You didn't know any spells.

Dungeon Overview and Level Annotations

Branches:
Dungeon (2/15)

Altars:
Trog


Innate Abilities, Weirdness & Mutations

You have sharp fingernails.
You are slightly more attuned to the shadows.
You are partially covered in sharp spines.


Message History

You shoot an arrow. The arrow hits the adder!
You kill the adder!
You have reached level 4!
You feel stronger.
Your demonic ancestry asserts itself...
Sharp spines emerge from parts of your body.
You feel sick.
You start resting.
You feel sick. x6
You are no longer poisoned.
You start resting.
You feel a little less mighty now.
You start resting.
HP restored.
Welcome back, Barrydekale the Demonspawn Hunter.
Press ? for a list of commands and other information.
Unknown command.
Saving game... please wait.
Welcome back, Barrydekale the Demonspawn Hunter.
Press ? for a list of commands and other information.
Are you sure you want to abandon this character and quit the game? (Confirm with "yes".)

##### ...#
#.###.########
#(..(@.......#
#..####.####.
# ##.....## #
..#......(#.##
..#.......#...
......_...(...
..#.......#..
...
#..#.......#..
#.#
#..##.....##.
...


There were no monsters in sight!

Vanquished Creatures
  3 adders (D:2)
  A worm (D:2)
  2 giant geckos
  3 ball pythons
  A giant cockroach (D:1)
  4 hobgoblins
  2 jackals (D:1)
  10 bats
  3 giant newts (D:1)
  7 goblins
  2 kobolds (D:1)
  A rat (D:1)
39 creatures vanquished.

Notes
Turn   | Place    | Note
--------------------------------------------------------------
     0 | D:1      | Barrydekale the Demonspawn Hunter began the quest for the Orb.
     0 | D:1      | Reached XP level 1. HP: 16/16 MP: 1/1
   205 | D:1      | Reached skill level 4 in Bows
   445 | D:1      | Gained mutation: You are slightly more attuned to the shadows. [demonic ancestry]
   445 | D:1      | Reached XP level 2. HP: 20/22 MP: 2/2
  1349 | D:1      | Gained mutation: You have sharp fingernails. [demonic ancestry]
  1349 | D:1      | Reached XP level 3. HP: 27/27 MP: 3/3
  1830 | D:2      | Reached skill level 5 in Bows
  2127 | D:2      | Found a bloodstained altar of Trog.
  2160 | D:2      | HP: 1/27 [adder (3)]
  2180 | D:2      | Gained mutation: You are partially covered in sharp spines. [demonic ancestry]
  2180 | D:2      | Reached XP level 4. HP: 22/33 MP: 4/4
  2335 | D:2      | Quit the game

Vault maps used:
D:1:      dpeg_arrival_simpleton_b, minmay_unequal
D:2:      old_standard_altar, minmay_misc_feat_tiny

Action                   |  1- 3 |  4- 6 || total
-------------------------+-------+-------++-------
Melee: Short sword       |   128 |       ||   128
 Fire: Shortbow          |    55 |       ||    55
  Use: Potion            |     2 |       ||     2
 Stab: Sleeping          |     9 |       ||     9
  Eat: Chunk             |     4 |       ||     4
